 Dungeon Crawl Stone Soup version 0.20-a0-495-g2241292 (webtiles) character file.

25 Amnesiac the Magician (level 2, -2/19 HPs)
             Began as a Mummy Enchanter on Jan 18, 2017.
             Slain by Jano's ghost (4 damage)
             ... on level 4 of the Dungeon.
             The game lasted 00:03:08 (1179 turns).

Amnesiac the Magician (Mummy Enchanter)             Turns: 1179, Time: 00:03:09

Health: -2/19      AC:  2    Str: 11    XL:     2   Next: 82%
Magic:  6/6        EV: 12    Int: 14    God:
Gold:   61         SH:  0    Dex: 12    Spells: 5/8 levels left

rFire    x . .     SeeInvis .   a - +1 dagger
rCold    + . .     Gourm    .   b - +0 robe
rNeg     + + +     Faith    .   (no shield)
rPois    ∞         Spirit   .   (no helmet)
rElec    .         Reflect  .   (no cloak)
rCorr    .         Harm     .   (no gloves)
MR       .....                  (no boots)
Stlth    ++........             (no amulet)
Regen    0.1/turn               (no ring)
                                (no ring)

@: no status effects
A: no food or potions, fire vulnerability, cold resistance 1, negative energy
resistance 3, torment resistance, unbreathing
a: no special abilities


You were on level 4 of the Dungeon.
You were not hungry.

You visited 1 branch of the dungeon, and saw 4 of its levels.

You collected 61 gold pieces.

Inventory:

Hand Weapons
 a - a +1 dagger (weapon)
Armour
 b - a +0 robe (worn)
 f - a +0 ring mail
Scrolls
 d - 2 scrolls of identify {unknown}
 e - a scroll of remove curse {unknown}
 g - a scroll of teleportation {unknown}
 h - a scroll of enchant weapon {unknown}
 i - a scroll of amnesia {unknown}
Books
 c - a book of Maledictions

   Spells                             Type                      Level
   a - Corona                         Hexes                        1
   b - Ensorcelled Hibernation        Hexes/Ice                    2
   c - Confuse                        Hexes                        3
   d - Tukima's Dance                 Hexes                        3
   e - Dazzling Spray                 Conjuration/Hexes            3


   Skills:
 - Level 1.0 Short Blades
 - Level 1.5 Dodging
 - Level 2.5 Stealth
 - Level 3.5 Spellcasting
 + Level 3.1 Hexes


You had 5 spell levels left.
You knew the following spells:

 Your Spells              Type           Power        Failure   Level  Hunger
f - Corona                Hex            ##.....      10%         1    N/A
z - Ensorcelled Hibernat  Hex/Ice        #.....       21%         2    N/A

Dungeon Overview and Level Annotations

Branches:
Dungeon (4/15)
 Temple: D:4-7

Altars:
Gozag

Annotations:
D:4 exclusion: 2 worker ants, Jano's ghost, amateur NaFi


Innate Abilities, Weirdness & Mutations

You do not eat or drink.
Your flesh is vulnerable to fire.
You are immune to poison.
Your flesh is cold resistant. (rC+)
You are immune to negative energy. (rN+++)
You are immune to unholy pain and torment.
You can survive without breathing.


Message History

An orc is wielding a falchion of holy wrath.
The orc shouts! x2; The orc wizard shouts!
The orc throws a tomahawk.
The tomahawk closely misses you.
Found a beef jerky.
A hobgoblin and an orc come into view.
You close the door.
An orc wizard opens the door.
The orc throws a tomahawk.
The tomahawk hits you!
You see here a tomahawk.
The orc wizard casts a spell.
The orc wizard flickers and vanishes!
Deactivating autopickup; reactivate with Ctrl-A.
There is a stone staircase leading down here.
The orc throws a tomahawk.
The tomahawk barely misses you.
You climb downwards.
Level annotation: exclusion: 2 worker ants, Jano's ghost, amateur NaFi Jano's ghost closely misses you.
Jano's ghost hits you!
Ouch! That really hurt!
* * * LOW HITPOINT WARNING * * *
Space bends around you.
You die...

#...........# #. ###.#
#...######....#
#.##..#...###. #...#
........ ..............
#...## ####...#
........####o. #....#
#.#.##...###O.# # ####.##
#.#..... .... #..#
###...... ##...
##.#####...W####.#......#
#.#....#'#.@......#[####
#.#.##.'_'.##.#.###.
#.#...##'#.# #
#.###....#.# .# ..
#......###.. a## ...
#..###.# ##.#..##.# #.##
#.####....#..# #.#
#....###....# #.#
####...#....###


You could see Jano's ghost.

Vanquished Creatures
  An adder (D:4)
  A dart slug (D:1)
  An orc (D:4)
  2 giant cockroaches
  A goblin (D:3)
  2 hobgoblins (D:2)
  A frilled lizard (D:3)
  3 kobolds (D:3)
12 creatures vanquished.

Notes
Turn   | Place    | Note
-------+----------+-------------------------------------------
     0 | D:1      | Amnesiac the Mummy Enchanter began the quest for the Orb.
     0 | D:1      | Reached XP level 1. HP: 13/13 MP: 4/4
    53 | D:1      | Reached skill level 1 in Short Blades
   274 | D:3      | Reached XP level 2. HP: 19/19 MP: 3/5
   278 | D:3      | Learned a level 2 spell: Ensorcelled Hibernation
   357 | D:4      | Noticed an ogre
   755 | D:4      | Found an opulent altar of Gozag.
   780 | D:4      | Noticed Jano's ghost (amateur NaFi)
  1179 | D:4      | Slain by Jano's ghost

Vault maps used:
D:1:      doesnt_arrival_goblin_jail, serial_bayou_pond_d, corexii_corridor_pit,
          minmay_cut_off
D:2:      tso_metal_star, nemelex_xobeh_ov_fountains_minmay, uniq_iyjb
D:3:      nicolae_ru_sacrificial_ziggurat, first_bread, minmay_lizard_king
D:4:      kennysheep_big_flooded_room, kennysheep_mini, uniq_natasha

Skill      XL: |  1  2 |
---------------+-------+-----
Short Blades   | 1 |  1.0
Hexes          | 3 |  3.1
Spellcasting   | 3 |  3.5
Dodging        | |  1.5
Stealth        | |  2.5

Action                   || total
-------------------------++-------
Melee: Dagger            ||    34
 Cast: Corona            ||     5
       Ensorcelled Hiber ||    10
 Stab: Sleeping          ||     6
Armor: Robe              ||     7
Dodge: Dodged            ||    26
